 Dungeon Crawl Stone Soup version 0.30.1-11-g7821555f0a (webtiles) character file.

Game seed: 14399414996520119019

144 RancidPinata the Cudgeller (level 5, -4/33 HPs)
             Began as a Gargoyle Gladiator on Dec 2, 2023.
             Slain by an orc
             ... wielding a +0 mace
              (6 damage)
             ... on level 3 of the Dungeon.
             The game lasted 00:11:32 (2737 turns).

RancidPinata the Cudgeller (Gargoyle Gladiator)     Turns: 2737, Time: 00:11:34

Health: -4/33      AC: 10    Str: 23    XL:     5   Next: 26%
Magic:  1/1        EV: 12    Int: 11    God:
Gold:   124        SH:  0    Dex: 11    Spells: 4/4 levels left

rFire   . . .        x - +2 war axe (antimagic)
rCold   . . .        (no shield)
rNeg    + . .        b - +0 leather armour
rPois   ∞            m - +0 helmet
rElec   +            (no cloak)
rCorr   .            p - +0 pair of gloves
SInv    +            k - +0 pair of boots
Will    .....        (no amulet)
Stlth   +            t - +6 ring of strength
HPRegen 0.25/turn    u - ring of see invisible
MPRegen 0.07/turn

%: no passive effects
@: confused, mighty, flying
A: sickness immunity, AC +4, negative energy resistance 1, electricity
resistance, torment resistance 1, petrification resistance
a: no special abilities


You were on level 3 of the Dungeon.
You visited 1 branch of the dungeon, and saw 3 of its levels.

You collected 144 gold pieces.
You spent 20 gold pieces at shops.

Inventory:

Hand Weapons
 a - a +0 flail
 x - a +2 antimagic war axe (weapon)
 y - a +1 whip of venom
Missiles
 d - 3 throwing nets (quivered)
 e - a javelin
 h - 33 stones
 i - 8 poisoned darts
 o - 2 boomerangs
Armour
 b - a +0 leather armour (worn)
 k - a +0 pair of boots (worn)
 m - a +0 helmet (worn)
 p - a +0 pair of gloves (worn)
Jewellery
 t - a +6 ring of strength (left hand)
 u - a ring of see invisible (right hand)
Scrolls
 c - 2 scrolls of torment {unknown}
 f - 4 scrolls of teleportation {unknown}
 g - 2 scrolls of amnesia {unknown}
 j - a scroll of magic mapping {unknown}
 n - a scroll of poison {unknown}
 r - a scroll of enchant armour {unknown}
 s - a scroll of silence {unknown}
Potions
 l - a potion of degeneration {unknown}
 v - a potion of magic {unknown}
 w - a potion of curing {unknown}


   Skills:
 * Level 3.8 Fighting
 * Level 0.7(2.3) Axes
 + Level 3.9(4.0) Maces & Flails
 + Level 2.4 Throwing
 + Level 1.6 Armour
 - Level 2.4 Dodging


You had 4 spell levels left.
You didn't know any spells.
Your spell library contained the following spells:

 Spells                   Type           Power      Damage    Failure   Level
 Scorch                   Fire           0%         2d5       52%         2
 Flame Wave               Conj/Fire      0%         2d4       99%         4
 Summon Cactus Giant      Summ           0%         N/A       100%        6


Dungeon Overview and Level Annotations

Branches:
Dungeon (3/15)

Altars:
Ashenzari
Dithmenos
Hepliaklqana

Shops:
D:2 *


Innate Abilities, Weirdness & Mutations

You are immune to sickness and miasma.
Your stone body is resilient. (AC +4)
You are immune to poison.
You resist negative energy. (rN+)
You are resistant to electric shocks. (rElec)
You are resistant to unholy torment.
You are immune to petrification.


Message History

You kill the orc!
You barely miss the orc.
The orc priest hits you but does no damage.
The orc wizard barely misses you. The orc hits you with a +0 whip.
* * * LOW HITPOINT WARNING * * *
The orc hits you with a +0 whip.
* * * LOW HITPOINT WARNING * * *
The orc wizard hits you but does no damage.
The orc priest hits you with a +0 club.
* * * LOW HITPOINT WARNING * * *
You have reached level 5!
It was a potion of flight.
You feel very buoyant.
You fly up into the air.
The orc priest looks encouraged for a moment.
The orc wizard hits you but does no damage.
The orc barely misses you.
It was a potion of might.
You feel very mighty all of a sudden.
The orc priest looks satisfied for a moment.
The orc wizard casts a spell at you.
You are confused.
The orc closely misses you.
You slash the orc wizard!
The orc wizard's magic leaks into the air.
The orc wizard is severely wounded.
You slash the orc priest!
You kill the orc priest!
You miss the orc. The orc wizard misses you. The orc closely misses you.
You bump into the rock wall.
The orc wizard hits you but does no damage.
The orc hits you but does no damage. The orc barely misses you.
You hit the orc wizard.
You kill the orc wizard!
You hit the orc but do no damage. You miss the orc.
The orc hits you with a +0 mace.
* * * LOW HITPOINT WARNING * * *
The orc closely misses you. The orc hits you but does no damage.
The orc hits you with a +0 mace.
You die...

..>....#.#.###.
#............#.
#...#........##
#..###......# #
#...##...†)## #<
#...†..)...# #..
##..........
###.####### #...#......
#....o@...# #...#....#.
#....o))..###..........
#....)..........#....##
#.........###...######
#.........# #...#
#.........# #...#
########### #...# #...#
#####


You could see 2 orcs.

Vanquished Creatures
  An orc priest (D:3)
  An orc wizard (D:3)
  4 adders
  2 worms (D:3)
  A dart slug (D:1)
  5 orcs (D:3)
  7 endoplasms
  3 giant cockroaches
  6 goblins
  4 hobgoblins
  2 jackals (D:1)
  4 quokkas
  9 ball pythons
  3 bats
  3 frilled lizards
  6 kobolds
  2 rats
63 creatures vanquished.

Notes
Turn   | Place    | Note
-------+----------+-------------------------------------------
     0 | D:1      | RancidPinata the Gargoyle Gladiator began the quest for the
                  | Orb.
     0 | D:1      | Reached XP level 1. HP: 12/12 MP: 1/1
   138 | D:1      | Reached XP level 2. HP: 17/18 MP: 2/2
   707 | D:1      | Reached XP level 3. HP: 16/22 MP: 3/3
   989 | D:1      | Reached skill level 1 in Armour
  1864 | D:2      | Found Sunomokk's Assorted Antiques.
  1870 | D:2      | Bought an inky potion for 20 gold pieces
  1877 | D:2      | Found a broken altar of Ashenzari.
  1886 | D:2      | Reached XP level 4. HP: 28/28 MP: 4/4
  2358 | D:3      | Found a hazy altar of Hepliaklqana.
  2362 | D:3      | Found a shadowy altar of Dithmenos.
  2363 | D:3      | Noticed a shadow
  2733 | D:3      | Reached XP level 5. HP: 2/33 MP: 1/5
  2737 | D:3      | Slain by an orc

Illustrated notes

Levels and vault maps discovered:
D:1:      dpeg_arrival_tiny_a, layout_basic
D:2:      layout_rooms, serial_bayou, serial_bayou_pond_d, serial_bayou_shore_a,
          serial_bayou_lake_a, serial_bayou_pond_a, basic_altar, serial_shops,
          nicolae_shop_rolling_square
D:3:      layout_rooms, riverfiend_overflow_shadow_ancestor, grunt_ministairs_4

Skill      XL: |  1  2  3 |
---------------+----------+-----
Throwing       | 2 |  2.4
Fighting       | 3 |  3.8
Armour         | 1 |  1.6
Axes           | |  0.7
Maces & Flails | |  3.9
Dodging        | |  2.4

Action                     |  1- 3 |  4- 6 || total
---------------------------+-------+-------++-------
  Melee: Flail             |   122 |    50 ||   172
         War axe           |       |    29 ||    29
         Punch             |       |     1 ||     1
    Use: Potion            |       |     2 ||     2
 Armour: Leather armour    |    56 |    53 ||   109
  Dodge: Dodged            |   118 |    80 ||   198
